Map: Catalyst LE

Players

Guru - Winner!

  • Race: Zerg Zerg
  • League: Grandmaster
  • Spawn Location: 5:00

Scarlett

  • Race: Zerg Zerg
  • League: Diamond
  • Spawn Location: 11:00

Event: HomeStory Cup XVI

VOD

Have the link to the VOD?

Description

Time

  • Played on: Nov. 11, 2017, 1:37 p.m.
  • Length: 10:22

All games in this series

Show
View Real Time Build Order
Export as new Build Order

Guru Zerg - Winner!

Build Orders: Hatch First 

Get SALT Encoding   

  12  0:01  Drone  
  13  0:13  Overlord  
  13  0:18  Drone  
  14  0:31  Drone  
  14  0:32  Drone  
  14  0:35  Drone  
  17  0:52  Hatchery  
  17  0:55  Drone  
  17  1:08  Spawning Pool  
  17  1:10  Extractor  
  15  1:12  Drone  
  15  1:16  Drone  
  17  1:21  Drone  
  18  1:29  Drone  
  19  1:51  Drone  
  20  1:55  Queen  
  22  2:03  Queen  
  22  2:04  Zergling x2  
  22  2:05  Drone x2  
  27  2:10  Metabolic Boost  
  28  2:15  Drone  
  28  2:27  Hatchery  
  28  2:29  Drone  
  28  2:34  Overlord  
  28  2:38  Overlord  
  28  2:52  Drone x4  
  32  3:04  Zergling x4  
  32  3:05  Zergling x2  
  35  3:08  Zergling x6  
  35  3:12  Zergling x2  
  39  3:14  Zergling x6  
  42  3:20  Baneling Nest  
  42  3:22  Queen  
  42  3:29  Overlord  
  42  3:30  Zergling x4  
  44  3:44  Zergling x2  
  44  3:45  Zergling x8  
  44  3:47  Zergling x4  
  51  3:48  Zergling x2  
  51  3:53  Zergling x2  
  51  3:54  Zergling x2  
  53  3:55  Zergling x2  
  53  3:58  Zergling x2  
  53  4:02  Zergling x4  
  54  4:07  Zergling x2  
  54  4:09  Baneling x4  
  55  4:11  Baneling x2  
  55  4:15  Zergling x2  
  56  4:17  Zergling x2  
  56  4:20  Zergling x2  
  54  4:40  Zergling x2  
  54  4:43  Zergling x2  
  54  4:44  Zergling x18  
  54  4:48  Zergling x2  
  54  4:50  Zergling x4  
  51  4:53  Zergling x2  
  51  4:54  Zergling x2  
  52  5:01  Evolution Chamber  
  51  5:07  Baneling x3  
  51  5:11  Zergling x4  
  51  5:12  Zergling x2  
  53  5:15  Zergling x2  
  53  5:17  Drone x2  
  55  5:21  Drone x2  
  55  5:25  Drone  
  52  5:44  Zergling x2  
  52  5:45  Zergling x6  
  52  5:48  Zergling x6  
  55  5:53  Zergling x6  
  55  5:54  Zergling x2  
  55  5:56  Zergling x6  
  56  6:06  Drone x2  
  56  6:07  Zerg Ground Armor Level 1  
  57  6:14  Overlord x2  
  57  6:17  Overlord  
  57  6:23  Roach Warren  
  56  6:25  Drone  
  56  6:29  Overlord  
  56  6:34  Drone x4  
  56  6:36  Drone  
  56  6:38  Drone  
  62  6:40  Drone  
  62  6:43  Drone x2  
  62  6:46  Drone  
  66  6:48  Drone  
  66  6:49  Drone  
  66  6:50  Drone  
  66  6:52  Drone  
  70  7:03  Extractor x2  
  70  7:05  Roach  
  70  7:06  Roach x3  
  70  7:07  Roach x2  
  80  7:09  Roach  
  80  7:14  Drone x3  
  86  7:15  Drone  
  86  7:22  Overlord, Lair  
  86  7:26  Overlord  
  86  7:31  Overlord  
  86  7:32  Overlord  
  86  7:36  Overlord  
  86  7:41  Extractor, Drone  
  86  7:42  Drone x2  
  86  7:43  Drone  
  89  7:45  Drone x3  
  89  7:46  Drone x2  
  89  7:49  Drone x3  
  97  7:52  Drone x2  
  99  8:01  Zerg Missile Weapons Level 1  
  99  8:03  Drone x3  
  102  8:07  Extractor  
  102  8:08  Drone  
  102  8:09  Overlord, Drone x2  
  102  8:11  Roach  
  106  8:16  Extractor  
  106  8:18  Roach x5  
  115  8:20  Glial Reconstitution  
  117  8:27  Roach x3  
  117  8:30  Roach x2  
  117  8:33  Roach x2  
  129  8:35  Overseer  
  129  8:39  Overlord  
  129  8:41  Overlord  
  129  8:43  Unknown  
  129  8:44  Overlord  
  129  8:46  Burrow  
  129  8:50  Overlord  
  129  8:57  Roach x2  
  129  9:00  Roach x3  
  129  9:01  Roach x3  
  129  9:02  Ravager x2  
  147  9:04  Roach  
  149  9:11  Roach x3  
  149  9:13  Roach x2  
  159  9:23  Roach  
  161  9:28  Overlord  
  161  9:35  Overlord  
  161  9:36  Overlord  
  161  9:39  Ravager  
  162  9:46  Roach x3  
  162  9:47  Roach  
  162  9:52  Unknown  
  170  9:54  Roach  
  170  9:56  Roach  
  170  9:57  Roach  
  176  10:00  Roach x2  
  176  10:01  Roach x3  
Show
View Real Time Build Order
Export as new Build Order

Scarlett Zerg 

Build Orders: Hatch First 

Get SALT Encoding   

  12  0:00  Drone  
  13  0:12  Overlord  
  13  0:18  Drone  
  14  0:31  Drone x2  
  14  0:35  Drone  
  17  0:51  Hatchery  
  17  0:54  Drone  
  17  0:58  Drone  
  17  1:02  Extractor  
  17  1:13  Spawning Pool  
  17  1:16  Drone  
  17  1:20  Drone  
  18  1:28  Drone  
  19  1:40  Drone  
  20  1:49  Drone  
  21  1:54  Evolution Chamber  
  21  1:59  Queen  
  22  2:03  Queen  
  22  2:05  Drone x2  
  26  2:13  Drone  
  27  2:16  Drone  
  27  2:22  Zerg Ground Armor Level 1  
  28  2:25  Overlord  
  28  2:42  Overlord  
  28  2:43  Queen, Drone x2  
  32  2:45  Drone  
  32  2:50  Drone  
  34  2:56  Drone  
  34  2:58  Drone, Metabolic Boost  
  35  3:08  Drone x4  
  35  3:12  Zergling x4  
  41  3:17  Drone  
  41  3:18  Drone  
  43  3:27  Overlord  
  43  3:33  Drone  
  44  3:36  Overlord  
  44  3:41  Spine Crawler  
  44  3:43  Zergling x2  
  44  3:47  Zergling x10  
  49  3:48  Queen  
  49  3:54  Zergling x6  
  54  4:01  Zergling x2  
  54  4:02  Queen  
  49  4:09  Zergling x4  
  53  4:14  Roach Warren  
  52  4:22  Zergling x2  
  52  4:23  Zergling x6  
  56  4:24  Evolution Chamber  
  56  4:26  Evolution Chamber  
  56  4:28  Queen  
  56  4:34  Zerg Missile Weapons Level 1  
  53  4:41  Zergling x4  
  43  4:46  Zergling x8  
  40  4:54  Zergling x2  
  40  4:55  Zergling x2  
  43  5:00  Roach  
  43  5:02  Roach  
  45  5:13  Roach  
  45  5:14  Roach x2  
  51  5:20  Overlord  
  51  5:21  Roach  
  52  5:32  Overlord  
  52  5:40  Roach x5  
  48  5:43  Zergling x2  
  48  5:47  Roach  
  47  5:51  Queen  
  47  5:54  Ravager  
  44  5:57  Zergling x2  
  38  6:07  Drone x2  
  40  6:15  Queen  
  40  6:16  Roach  
  44  6:23  Evolution Chamber  
  43  6:30  Roach  
  45  6:34  Roach  
  45  6:36  Drone  
  45  6:38  Drone  
  49  6:42  Drone  
  49  6:44  Drone  
  49  6:45  Drone  
  53  6:58  Drone x2  
  55  7:02  Drone x3  
  55  7:06  Lair  
  58  7:09  Drone  
  58  7:12  Drone  
  60  7:20  Drone x2  
  60  7:21  Extractor  
  61  7:36  Hatchery  
  60  7:39  Drone x4  
  60  7:41  Overlord  
  60  7:42  Extractor  
  63  7:47  Queen  
  63  7:48  Drone  
  63  7:51  Overlord  
  66  7:56  Overlord  
  66  7:59  Roach  
  66  8:05  Roach x2  
  72  8:07  Glial Reconstitution  
  72  8:12  Roach  
  74  8:16  Drone x2  
  76  8:20  Extractor  
  76  8:22  Overseer  
  76  8:23  Drone x3  
  78  8:27  Drone  
  78  8:28  Drone  
  78  8:33  Drone x2  
  82  8:43  Drone x2  
  84  8:52  Roach x3  
  90  8:57  Drone x2  
  90  8:59  Overlord  
  92  9:09  Overlord  
  92  9:10  Drone x4  
  92  9:12  Overlord  
  96  9:22  Drone x3  
  96  9:23  Roach x2  
  103  9:26  Roach  
  103  9:28  Extractor  
  103  9:29  Roach  
  103  9:30  Roach  
  108  9:34  Unknown  
  108  9:35  Roach x2  
  108  9:36  Roach  
  108  9:38  Drone  
  115  9:40  Roach  
  117  9:46  Roach x2  
  117  9:47  Overlord  
  117  9:48  Overlord  
  121  9:58  Ravager  
Tags
 
Add a new tag
Caveats
  • Supply blocks, unpowered buildings, or Contaminate may cause inaccurate times.
  • Supply counts are checked every 10 seconds.